 Dungeon Sprint DCSS version 0.18.1-50-g88ac8fd (webtiles) character file.

3836 varam the Brawler (level 9, -2/101 HPs)
             Began as a Troll Berserker on Oct 10, 2016.
             Was a High Priest of Trog.
             Slain by an unseen horror (5 damage)
             ... in the Dungeon (Sprint I: "Red Sonja").
             The game lasted 00:03:10 (797 turns).

varam the Brawler (Troll Berserker)                  Turns: 797, Time: 00:03:10

Health: -2/101     AC:  5    Str: 27    XL:     9   Next: 98%
Magic:  8/8        EV: 14    Int:  3    God:    Trog [*****.]
Gold:   645        SH:  0    Dex: 12    Spells: 0 memorised, 8 levels left

rFire  . . .     SeeInvis .       - Unarmed
rCold  . . .     Gourm    +     a - +0 animal skin
rNeg   . . .     Faith    .     (no shield)
rPois  .         Spirit   .     (helmet restricted)
rElec  .         Dismiss  .     (no cloak)
rCorr  .         Reflect  .     (gloves unavailable)
SustAt .         Harm     .     (boots unavailable)
MR     .....     NoTele   +     (no amulet)
Stlth  +.........               (no ring)
                                (no ring)

@: very slightly contaminated, hasted, very quick, not resistant to hostile
enchantments, very unstealthy
A: unfitting armour, claws 3, fast metabolism 3, gourmand, regeneration 2,
shaggy fur 1, tough skin 2
a: Berserk, Trog's Hand, Brothers in Arms, Burn Spellbooks, Renounce Religion


You were in the Dungeon.
You worshipped Trog.
Trog was extremely pleased with you.
You were not hungry.

You visited 1 branch You collected 645 gold pieces.

Inventory:

Armour
 a - a +0 animal skin (worn)
Jewellery
 i - an uncursed amulet of faith {unknown}
 k - a +4 ring of protection {unknown}
Wands
 j - a wand of iceblast (5/15)
Scrolls
 h - a scroll of blinking
Potions
 f - 2 potions of magic
 g - a potion of berserk rage


   Skills:
 + Level 10.2 Fighting
 + Level 10.2 Dodging
 * Level 15.9 Unarmed Combat


You had 8 spell levels left.
You didn't know any spells.

Dungeon Overview and Level Annotations

Branches:
Dungeon (1/1)

Altars:
Cheibriados
Dithmenos
Elyvilon
Fedhas
Gozag
Kikubaaqudgha
Makhleb
Nemelex Xobeh
Okawaru
Pakellas
Qazlal
Ru
Sif Muna
Trog
Vehumet
Xom
Yredelemnul
Zin
The Shining One
Jiyva

Shops:
D }


Innate Abilities, Weirdness & Mutations

You are too large for most types of armour.
You have claws for hands.
Your metabolism is lightning-fast.
You like to eat raw meat.
You heal very quickly.
You are covered in fur (AC +1).
You have very tough skin (AC +2).


Message History

There is an open door here.
You start resting.
Something hits you but does no damage.
Deactivating autopickup; reactivate with Ctrl-A.
Something hits you.
* * * LOW HITPOINT WARNING * * *
Something hits you!
* * * LOW HITPOINT WARNING * * *
Something hits you but does no damage. Something completely misses you.
There is an open door here.
You see here a redback corpse.
You scratch something. Something completely misses you.
You closely miss something.
You feel less exhausted. Something hits you!
* * * LOW HITPOINT WARNING * * *
Something hits you.
* * * LOW HITPOINT WARNING * * *
Something hits you.
You die...

'..#..'..'..#...#
#####'#__####...+
#...#.####§.#####
#..##.#≈§§§§#§§#
##'#..'≈§§§§§§.#
.'..._#≈§§.)#§§#
##_.#'##§#####§###
###+#[#§.§.# #§†.#
# ####+### ###@#
#.# ##########.#
#......{##§#
#.......{§§#
#+++######§# #§#
+§# ###


There were no monsters in sight!

Vanquished Creatures
  2 centaur warriors (D)
  An unseen horror (D)
  An oklob plant (D)
  2 kobold demonologists (D)
  A slime creature (D)
  2 redbacks (D)
  Sigmund (D)
  A yak (D)
  A giant eyeball (D)
  A wasp (D)
  An ogre (D)
  A jelly (D)
  Ijyb (D)
16 creatures vanquished.

Notes
Turn   | Place    | Note
--------------------------------------------------------------
     0 | D        | varam the Troll Berserker began the quest for the Orb.
     0 | D        | Reached XP level 1. HP: 22/22 MP: 0/0
     1 | D        | Noticed Ijyb
     5 | D        | Killed Ijyb
     5 | D        | Reached skill level 4 in Unarmed Combat
     5 | D        | Reached XP level 2. HP: 31/31 MP: 1/1
   138 | D        | Noticed an ogre
   141 | D        | Killed an ogre
   141 | D        | Reached ** piety under Trog
   141 | D        | Reached skill level 7 in Unarmed Combat
   141 | D        | Reached XP level 3. HP: 31/40 MP: 2/2
   141 | D        | Reached XP level 4. HP: 38/49 MP: 3/3
   167 | D        | Noticed Sigmund
   174 | D        | Killed Sigmund
   174 | D        | Reached skill level 5 in Fighting
   174 | D        | Reached skill level 5 in Dodging
   174 | D        | Reached skill level 9 in Unarmed Combat
   174 | D        | Reached XP level 5. HP: 58/58 MP: 4/4
   207 | D        | Found a deep blue altar of Sif Muna.
   209 | D        | Found a radiant altar of Vehumet.
   212 | D        | Reached XP level 6. HP: 51/67 MP: 5/5
   227 | D        | Found Edoingu's Gadget Emporium.
   227 | D        | Found a white marble altar of Elyvilon.
   227 | D        | Found a stormy altar of Qazlal.
   227 | D        | Found a burning altar of Makhleb.
   227 | D        | Found a sacrificial altar of Ru.
   227 | D        | Found an oddly glowing altar of Pakellas.
   227 | D        | Found a basalt altar of Yredelemnul.
   227 | D        | Found a glowing golden altar of the Shining One.
   227 | D        | Found a sparkling altar of Nemelex Xobeh.
   227 | D        | Found a shimmering altar of Xom.
   227 | D        | Found an opulent altar of Gozag.
   227 | D        | Found an ancient bone altar of Kikubaaqudgha.
   227 | D        | Found a glowing silver altar of Zin.
   227 | D        | Noticed a yak
   232 | D        | Killed a yak
   232 | D        | Reached *** piety under Trog
   232 | D        | Reached skill level 10 in Unarmed Combat
   233 | D        | Found an iron altar of Okawaru.
   239 | D        | Found a bloodstained altar of Trog.
   256 | D        | Found a viscous altar of Jiyva.
   256 | D        | Found a blossoming altar of Fedhas.
   256 | D        | Noticed a slime creature
   257 | D        | Found a snail-covered altar of Cheibriados.
   257 | D        | Found a shadowy altar of Dithmenos.
   261 | D        | Killed a slime creature
   261 | D        | Reached skill level 11 in Unarmed Combat
   261 | D        | Reached XP level 7. HP: 45/78 MP: 6/6
   317 | D        | Noticed a centaur warrior
   360 | D        | Noticed a centaur warrior
   422 | D        | Noticed a kobold demonologist
   423 | D        | Noticed a kobold demonologist
   425 | D        | Noticed an orange demon
   426 | D        | Paralysed by a giant eyeball for 4 turns
   427 | D        | Noticed a chaos spawn
   427 | D        | Noticed a ynoxinul
   429 | D        | Noticed a ynoxinul
   431 | D        | Noticed a sixfirhy
   432 | D        | Killed a kobold demonologist
   432 | D        | Reached skill level 12 in Unarmed Combat
   434 | D        | Killed a kobold demonologist
   434 | D        | Reached **** piety under Trog
   434 | D        | Received a gift from Trog
   434 | D        | Reached XP level 8. HP: 84/88 MP: 7/7
   611 | D        | Killed a centaur warrior
   611 | D        | Reached skill level 13 in Unarmed Combat
   616 | D        | Killed a centaur warrior
   616 | D        | Reached skill level 14 in Unarmed Combat
   616 | D        | Reached XP level 9. HP: 18/100 MP: 8/8
   745 | D        | Noticed an oklob plant
   752 | D        | Killed an oklob plant
   752 | D        | Reached skill level 15 in Unarmed Combat
   757 | D        | Reached ***** piety under Trog
   759 | D        | Reached skill level 10 in Fighting
   759 | D        | Reached skill level 10 in Dodging
   784 | D        | Killed an unseen horror
   795 | D        | HP: 3/101 [something (7)]
   797 | D        | Slain by an unseen horror

Skill      XL: |  1  2  3  4  5  6  7  8  9 |
---------------+----------------------------+-----
Fighting       | 3 4 5 7 9 10 | 10.2
Dodging        | 3 4 5 7 8 9 10 | 10.2
Unarmed Combat | 4 7 9 11 12 14 15 | 15.9

Action                   |  1- 3 |  4- 6 |  7- 9 || total
-------------------------+-------+-------+-------++-------
Melee: Unarmed           |     4 |    14 |    28 ||    46
Invok: Berserk           |     1 |     1 |     3 ||     5
       Trog's Hand       |       |       |     1 ||     1
  Use: Potion            |       |       |     3 ||     3
  Eat: Chunk             |       |     2 |       ||     2
       Bread ration      |       |       |     2 ||     2
Armor: Animal skin       |     1 |     1 |    11 ||    13
Dodge: Dodged            |       |     1 |    20 ||    21
